 Dungeon Crawl Stone Soup version 0.30.1-4-g462c640d31 (webtiles) character file.

Game seed: 7622467693981050996

1486 rvierbuc the Firebug (level 8, -4/96 HPs)
             Began as a Demigod Fire Elementalist on Aug 21, 2023.
             Slain by a human
             ... wielding a +0 long sword
              (9 damage)
             ... on level 5 of the Dungeon.
             The game lasted 00:43:21 (7230 turns).

rvierbuc the Firebug (Demigod Fire Elementalist)    Turns: 7230, Time: 00:43:22

Health: -4/96      AC:  4    Str: 15    XL:     8   Next: 26%
Magic:  12/19      EV: 13    Int: 25    God:
Gold:   255        SH:  0    Dex: 14    Spells: 12/17 levels left

rFire   . . .        r - +1 whip (elec)
rCold   . . .        x - orb {*Rage}
rNeg    . . .        y - +1 robe {Will+}
rPois   .            (no helmet)
rElec   .            (no cloak)
rCorr   .            w - +0 pair of gloves
SInv    .            (no boots)
Will    +....        h - amulet of the acrobat Stlth
                     e - +6 ring of strength
HPRegen 1.16/turn    (no ring)
MPRegen 0.16/turn

%: random rage (20%), acrobat
@: berserking (expiring), very quick
A: high MP 1, forlorn, divine attributes, mutation resistance 1, regeneration 1,
robust 1
a: no special abilities


You were on level 5 of the Dungeon.
You visited 2 branches of the dungeon, and saw 8 of its levels.
You also visited: Sewer.

You collected 255 gold pieces.

Inventory:

Hand Weapons
 r - a +1 whip of electrocution (weapon)
 u - a +1 flail of protection
 B - a +0 falchion
Armour
 a - a +0 robe
 w - a +0 pair of gloves (worn)
 x - an orb of wrath (worn)
 y - a +1 robe of willpower (worn)
Jewellery
 e - a +6 ring of strength (left hand)
 h - an amulet of the acrobat (around neck)
Wands
 s - a wand of polymorph (4)
 v - a wand of acid (8)
Scrolls
 c - 3 scrolls of fear
 f - a scroll of vulnerability {unknown}
 g - 2 scrolls of identify
 i - 3 scrolls of magic mapping
 j - 4 scrolls of poison
 k - 2 scrolls of fog
 m - a scroll of enchant weapon
 z - a scroll of silence {unknown}
 A - a scroll of teleportation {unknown}
Potions
 b - 4 potions of magic
 d - 2 potions of lignification
 l - a potion of haste
 n - a potion of invisibility
 o - a potion of brilliance
 p - a potion of heal wounds
 q - a potion of cancellation
 t - 2 potions of curing


   Skills:
 + Level 1.6 Fighting
 + Level 0.5 Maces & Flails
 + Level 3.0 Dodging
 + Level 3.0 Stealth
 + Level 5.1 Spellcasting
 + Level 4.5 Conjurations
 + Level 0.1 Transmutations
 + Level 5.9 Fire Magic
 + Level 0.2 Earth Magic


You had 12 spell levels left.
You knew the following spells:

 Your Spells              Type           Power      Damage    Failure   Level
a - Foxfire               Conj/Fire      100%       2x1d9     1%          1
b - Ensorcelled Hibernat  Hex/Ice        12%        N/A       12%         2
c - Passwall              Tmut/Erth      5%         N/A       12%         2

Your spell library contained the following spells:

 Spells                   Type           Power      Damage    Failure   Level
 Scorch                   Fire           72%        2d8       1%          2
 Kiss of Death            Conj/Necr      68%        2d10      3%          1
 Inner Flame              Hex/Fire       21%        N/A       8%          3
 Volatile Blastmotes      Fire/Tloc      42%        2d13      8%          3
 Freeze                   Ice            24%        1d4       9%          1
 Dazzling Flash           Conj/Hex       34%        N/A       10%         3
 Hailstorm                Conj/Ice       17%        3d6       10%         3
 Flame Wave               Conj/Fire      32%        2d9       10%         4
 Sublimation of Blood     Necr           6%         N/A       12%         2
 Frozen Ramparts          Ice            12%        1d2       24%         3
 Swiftness                Air            6%         N/A       24%         3
 Leda's Liquefaction      Hex/Erth       3%         N/A       61%         4
 Animate Dead             Necr           6%         N/A       63%         4
 Lee's Rapid Deconstruct  Erth           3%         3d5*      91%         5
 Agony                    Necr           6%         N/A       92%         5
 Alistair's Intoxication  Tmut/Pois      4%         N/A       92%         5
 Silence                  Hex/Air        3%         N/A       92%         5
 Statue Form              Tmut/Erth      4%         N/A       100%        6


Dungeon Overview and Level Annotations

Branches:
Dungeon (7/15)             Temple (1/1) D:5           Sewer (visited)


Innate Abilities, Weirdness & Mutations

You have an increased reservoir of magic. (+10% MP)
You shall have no god before yourself.
Your divine heritage dramatically boosts your attributes as you level up.
You are somewhat resistant to further mutation.
Your natural rate of healing is unusually fast.
You are robust. (+10% HP)


Message History

The human is lightly wounded.
The human hits you with a +0 long sword!
You hit the human.
The human is lightly wounded.
The human closely misses you.
You closely miss the human.
The human is lightly wounded.
The human hits you with a +0 long sword!
* * * LOW HITPOINT WARNING * * *
You completely miss the human.
The human is lightly wounded.
You barely miss the human.
The human is lightly wounded.
The human hits you with a +0 long sword.
* * * LOW HITPOINT WARNING * * *
You hit the human but do no damage.
The human is lightly wounded.
The human hits you with a +0 long sword!
* * * LOW HITPOINT WARNING * * *
You hit the human.
The human is moderately wounded.
You hit the human.
The human is moderately wounded.
The human hits you with a +0 long sword.
* * * LOW HITPOINT WARNING * * *
You barely miss the human.
The human is moderately wounded.
The human hits you with a +0 long sword!
* * * LOW HITPOINT WARNING * * *
You hit the human.
The human is heavily wounded.
You are too berserk!
You are too berserk!
You closely miss the human.
The human is heavily wounded.
The human completely misses you.
You hit the human.
The human is severely wounded.
The human hits you with a +0 long sword!
You die...

## ##_###_ ###8...8.. ###
####....... ### #.##
#.#@....... #.# #..#
##.##p...... #.#
###..#######..##8...8.. #.#
##.............# ##_###_ #.#
...............######### #.#
.#.#.#.#...##.......##.#####.#
.............>..#...##.##.#..#
.#.#.#.#......#.............##
.....)....###.......#####.#.#


You could see a human.

Vanquished Creatures
  A human (D:7)
  Eustachio (D:4)
  Edmund (D:6)
  A water moccasin (D:6)
  A sky beast (D:6)
  Blork the orc (D:4)
  2 bullfrogs (D:6)
  2 electric eels (D:6)
  3 jellies
  5 hounds
  2 iguanas
  A sleepcap (D:6)
  An orc wizard (D:6)
  15 adders
  2 river rats (Sewer)
  A shadow imp (D:4)
  2 white imps
  4 worms
  A dart slug (D:5)
  7 orcs
  4 bats
  10 endoplasms
  4 giant cockroaches
  7 goblins
  5 hobgoblins
  8 jackals
  9 kobolds
  5 quokkas
  9 ball pythons
  9 frilled lizards
  13 rats
137 creatures vanquished.

Vanquished Creatures (collateral kills)
  16 foxfires (Sewer)
16 creatures vanquished.

Vanquished Creatures (others)
  616 foxfires
616 creatures vanquished.

Grand Total: 769 creatures vanquished

Notes
Turn   | Place    | Note
-------+----------+-------------------------------------------
     0 | D:1      | rvierbuc the Demigod Fire Elementalist began the quest for
                  | the Orb.
     0 | D:1      | Reached XP level 1. HP: 14/14 MP: 5/5
   325 | D:1      | Reached XP level 2. HP: 19/20 MP: 1/7
   549 | D:1      | Reached skill level 1 in Conjurations
  1251 | D:2      | Reached XP level 3. HP: 26/26 MP: 6/8
  1433 | D:2      | Got Wewiery's Elucidation of the Grave and Pestilence
  1735 | D:2      | Reached XP level 4. HP: 31/33 MP: 6/10
  2419 | D:3      | Found a glowing drain.
  2428 | Sewer    | Entered a sewer
  2778 | Sewer    | Reached XP level 5. HP: 39/39 MP: 9/12
  3934 | D:3      | Reached skill level 1 in Fighting
  4476 | D:4      | Noticed Eustachio
  4698 | D:4      | Killed Eustachio
  4699 | D:4      | Reached XP level 6. HP: 32/47 MP: 6/14
  4704 | D:4      | Learned a level 2 spell: Ensorcelled Hibernation
  4812 | D:4      | Noticed Blork the orc
  4821 | D:4      | Killed Blork the orc
  4942 | D:4      | Learned a level 2 spell: Passwall
  4971 | D:4      | Gained mutation: Your natural rate of healing is unusually
                  | fast. [potion of mutation]
  4971 | D:4      | Gained mutation: You are somewhat resistant to further
                  | mutation. [potion of mutation]
  4971 | D:4      | Gained mutation: You are robust. (+10% HP) [potion of
                  | mutation]
  4987 | D:5      | Entered Level 5 of the Dungeon
  5211 | D:5      | Found a staircase to the Ecumenical Temple.
  5258 | Temple   | Entered the Ecumenical Temple
  5793 | D:6      | Reached XP level 7. HP: 57/57 MP: 7/15
  5888 | D:6      | Noticed Edmund
  6127 | D:6      | Killed Edmund
  6128 | D:6      | Reached skill level 5 in Fire Magic
  6867 | D:6      | Reached XP level 8. HP: 64/64 MP: 13/18
  7183 | D:7      | Reached skill level 5 in Spellcasting
  7227 | D:5      | HP: 3/96 [human/+0 long sword (11)]
  7230 | D:5      | Slain by a human

Illustrated notes

Levels and vault maps discovered:
D:1:      mrwooster_arrival_arrow, layout_basic
D:2:      layout_basic, nicolae_titane
D:3:      layout_rooms, portal_sewer_entry_b
D:4:      layout_rooms, general_overflow_altar, uniq_eustachio,
          uniq_blork_the_orc
D:5:      layout_basic, kennysheep_mini_moat, nicolae_uskayaw_suspiria,
          nicolae_overflow_hidden_temple, mainiacjoe_overflow_swirl,
          temple_hall, serial_glass, glass_columns_c, glass_columns_b,
          minmay_holes
D:6:      layout_cave_pools, mainiacjoe_overflow_alcove_2, serial_bayou_lake_a,
          uniq_edmund
D:7:      layout_basic, okawaru_humans, corexii_corridor_pit
Temple:   nicolae_temple_two_arcs

Skill      XL: |  1  2  3  4  5  6  7  8 |
---------------+-------------------------+-----
Fire Magic     | 3 4 5 |  5.9
Spellcasting   | 2 3 4 5 |  5.1
Conjurations   | 1 2 3 4 |  4.5
Dodging        | 2 3 |  3.0
Stealth        | 2 3 |  3.0
Fighting       | 1 |  1.6
Maces & Flails | |  0.5
Transmutations | |  0.1
Earth Magic    | |  0.2

Action                     |  1- 3 |  4- 6 |  7- 9 || total
---------------------------+-------+-------+-------++-------
  Melee: Unarmed           |     2 |    27 |     1 ||    30
         Whip              |       |     6 |    29 ||    35
         Punch             |       |     1 |       ||     1
   Cast: Foxfire           |    87 |   174 |   134 ||   395
         Passwall          |       |     1 |     1 ||     2
    Use: Potion            |       |    10 |       ||    10
         Scroll            |       |     7 |       ||     7
   Stab: Sleeping          |     1 |       |       ||     1
 Armour: Robe              |     2 |     8 |    11 ||    21
  Dodge: Dodged            |    11 |    86 |    83 ||   180
